Rangers vs Predators

Created - January 12 2012 at 19:24

Goals
1 2 3 T
Rangers 0 0 0 0
Predators 2 1 2 5
Shots
1 2 3 T
Rangers 8 6 12 26
Predators 7 13 15 35

Period #1

1. Predators , Wayne Simmonds 6 (Nicklas Backstrom, Steven Stamkos) at 4:31
2. Predators , Tomas Kaberle 7 (Shea Weber, Chad LaRose) at 13:10

Penalties :
Jeff Woywitka (NSH) for Cross-checking (Minor) at 5:15, Wayne Simmonds (NSH) for Interference (Minor) at 7:34, Andrei Kostitsyn (NYR) for Tripping (Minor) at 13:19

Period #2

3. Predators , Mikhail Grabovski 13 (Braydon Coburn, Jeff Carter) at 5:45

Penalties :
Keith Ballard (NYR) for Hooking (Minor) at 1:37, Braydon Coburn (NSH) for Tripping (Minor) at 6:58, Mark Recchi (NYR) for Holding (Minor) at 11:19, Dan Cleary (NYR) for Hooking (Minor) at 16:38

Period #3

4. Predators , Marian Gaborik 17 (Jeff Carter, Nicklas Backstrom) at 4:20 (PP)
5. Predators , Jeff Carter 30 (Braydon Coburn, Marian Gaborik) at 13:40 (PP)

Penalties :
Wayne Simmonds (NSH) for Hooking (Minor) at 0:09, Vinny Prospal (NYR) for Hooking (Minor) at 3:09, Mikhail Grabovski (NSH) for Interference (Minor) at 8:08, Mike Weaver (NYR) for Hooking (Minor) at 12:15, Frans Nielsen (NYR) for Roughing (Minor) at 12:40, Brent Burns (NSH) for Hooking (Minor) at 18:05

Goalie Stats

Niklas Backstrom (NYR), 30 saves from 35 shots - (0.857), L, 19-18-1, 60:00 minutes
Pekka Rinne (NSH), 26 saves from 26 shots - (1.000), W, 25-11-3, 60:00 minutes

Players Stats

Rangers
Player Name              G  A  P  +/- PIM S  H  SB FO    MP 
------------------------------------------------------------
Andrei Kostitsyn         0  0  0  -1  2   2  1  0  0/0   6  
Dan Cleary               0  0  0   0  2   1  2  0  1/4   17 
Frans Nielsen            0  0  0   0  2   1  0  0  13/24 20 
Guillaume Latendresse    0  0  0   0  0   3  3  0  0/0   13 
Ian White                0  0  0   0  0   1  0  3  0/0   18 
Jay Bouwmeester          0  0  0  -3  0   3  0  2  0/0   25 
Keith Ballard            0  0  0   0  2   0  1  0  0/0   13 
Lubomir Visnovsky        0  0  0   0  0   2  0  0  0/0   21 
Marc Staal               0  0  0  -3  0   0  1  4  0/0   24 
Mark Recchi              0  0  0   0  2   2  1  0  0/0   16 
Mike Cammalleri          0  0  0  -2  0   1  0  0  2/3   14 
Mike Weaver              0  0  0   0  2   0  2  0  0/0   17 
Mikko Koivu              0  0  0  -2  0   3  0  0  6/13  14 
Nikolai Kulemin          0  0  0  -2  0   4  2  0  1/2   20 
Nikolai Zherdev          0  0  0  -1  0   2  0  0  0/0   6  
Scott Gomez              0  0  0   0  0   1  0  0  13/21 16 
Tom Pyatt                0  0  0  -1  0   0  0  0  8/25  12 
Vinny Prospal            0  0  0   0  2   0  0  0  1/1   15 
Predators
Player Name              G  A  P  +/- PIM S  H  SB FO    MP 
------------------------------------------------------------
Brandon Prust            0  0  0   1  0   0  1  0  0/0   5  
Braydon Coburn           0  2  2   1  2   0  1  0  0/0   21 
Brent Burns              0  0  0   1  2   3  2  0  0/0   23 
Chad LaRose              0  1  1   1  0   1  0  0  0/0   5  
Cody Franson             0  0  0   1  0   0  0  1  0/0   17 
Jeff Carter              1  2  3   1  0   4  2  0  7/16  23 
Jeff Woywitka            0  0  0   0  2   1  2  1  0/0   15 
Marian Gaborik           1  1  2   1  0   1  0  1  1/1   17 
Mikhail Grabovski        1  0  1   1  2   4  2  0  14/28 18 
Nicklas Backstrom        0  2  2   1  0   1  1  1  13/22 16 
Patric Hornqvist         0  0  0   0  0   3  3  0  1/2   16 
Paul Gaustad             0  0  0   0  0   1  1  0  7/13  15 
Shea Weber               0  1  1   2  0   1  1  1  0/0   24 
Simon Gagne              0  0  0   0  0   2  0  0  0/1   15 
Steven Stamkos           0  1  1   1  0   6  2  0  1/1   16 
T.J. Galiardi            0  0  0   1  0   0  0  0  3/8   11 
Tomas Kaberle            1  0  1   1  0   5  0  4  0/0   20 
Wayne Simmonds           1  0  1   1  4   2  1  0  1/1   10 

3 Stars

1 - Pekka Rinne (NSH)
2 - Jeff Carter (NSH)
3 - Marian Gaborik (NSH)

Power Play

Rangers - 0 on 6 Attempt(s) - 0.00%
Predators - 2 on 7 Attempt(s) - 28.57%

Penalty Kill

Rangers - 5 on 7 Attempt(s) - 71.43% - Score 0 goal in Penalty Kill
Predators - 6 on 6 Attempt(s) - 100.00% - Score 0 goal in Penalty Kill

Game Notes

No Game Note

Finance

Level 1 -- Attendance: 6174 (94.98%) -- Ticket Income $493,920.00
Level 2 -- Attendance: 4865 (97.30%) -- Ticket Income $252,980.00
Level 3 -- Attendance: 3488 (99.66%) -- Ticket Income $104,640.00
Level 4 -- Attendance: 1113 (100.00%) -- Ticket Income $22,260.00
Luxury Box -- Attendance: 1000 (100.00%) -- Ticket Income $135,000.00
Game was played at the Bridgestone Arena
Total Attendance: 16640 (97.24%)
Total Ticket Income: $1,059,735.00
Other Income: $220,371.90
Total Income: $1,280,106.00


Play by Play

Period #1

0:01 of 1st period - Mikko Koivu wins face-off versus Nicklas Backstrom in neutral zone.
0:07 of 1st period - Mikko Koivu is hit by Shea Weber and loses puck.
0:28 of 1st period - Shot by Steven Stamkos.
0:28 of 1st period - Shot Misses the Net.
0:32 of 1st period - Shot by Steven Stamkos.
0:32 of 1st period - Stopped by Niklas Backstrom without a rebound.
0:33 of 1st period - Frans Nielsen wins face-off versus Mikhail Grabovski in Rangers zone.
0:33 of 1st period - Frans Nielsen is hit by Mikhail Grabovski.
1:24 of 1st period - Off-side.
1:25 of 1st period - Tom Pyatt wins face-off versus Paul Gaustad in neutral zone.
2:25 of 1st period - Icing by Keith Ballard.
2:26 of 1st period - Scott Gomez wins face-off versus Nicklas Backstrom in Rangers zone.
2:26 of 1st period - Scott Gomez is hit by Wayne Simmonds.
2:49 of 1st period - Off-side.
2:50 of 1st period - Frans Nielsen wins face-off versus Jeff Carter in neutral zone.
3:28 of 1st period - Shot by Marian Gaborik.
3:28 of 1st period - Shot Misses the Net.
4:25 of 1st period - Shot by Steven Stamkos.
4:25 of 1st period - Shot Blocked by Marc Staal.
4:27 of 1st period - Shot by Steven Stamkos.
4:27 of 1st period - Stopped by Niklas Backstrom with a rebound.
4:29 of 1st period - Shot by Nicklas Backstrom.
4:29 of 1st period - Shot Misses the Net.
4:31 of 1st period - Shot by Wayne Simmonds.
4:31 of 1st period - Goal by Wayne Simmonds - Rangers : 0 - Predators : 1.
4:32 of 1st period - Paul Gaustad wins face-off versus Scott Gomez in neutral zone.
4:57 of 1st period - Jeff Woywitka is hit by Guillaume Latendresse and loses puck.
5:14 of 1st period - Mark Recchi is hit by Jeff Woywitka and loses puck.
5:15 of 1st period - Minor Penalty to Jeff Woywitka for Cross-checking.
5:16 of 1st period - Frans Nielsen wins face-off versus Jeff Carter in Predators zone.
6:13 of 1st period - Shot by Dan Cleary.
6:13 of 1st period - Stopped by Pekka Rinne with a rebound.
6:15 of 1st period - Shot by Lubomir Visnovsky.
6:15 of 1st period - Shot Misses the Net.
6:21 of 1st period - Shot by Mikko Koivu.
6:21 of 1st period - Stopped by Pekka Rinne with a rebound.
6:23 of 1st period - Shot by Mike Cammalleri.
6:23 of 1st period - Deflect By Mikko Koivu.
6:23 of 1st period - Stopped by Pekka Rinne with a rebound.
7:27 of 1st period - Shot by Mikko Koivu.
7:27 of 1st period - Stopped by Pekka Rinne with a rebound.
7:34 of 1st period - Minor Penalty to Wayne Simmonds for Interference.
7:35 of 1st period - T.J. Galiardi wins face-off versus Nikolai Kulemin in Predators zone.
7:35 of 1st period - Jeff Carter is hit by Nikolai Kulemin.
7:46 of 1st period - Off-side.
7:47 of 1st period - Mikko Koivu wins face-off versus Jeff Carter in neutral zone.
8:58 of 1st period - Shot by Vinny Prospal.
8:58 of 1st period - Shot Misses the Net.
9:37 of 1st period - Icing by Tomas Kaberle.
9:38 of 1st period - Scott Gomez wins face-off versus T.J. Galiardi in Predators zone.
9:39 of 1st period - Shot by Mark Recchi.
9:39 of 1st period - Deflect By Guillaume Latendresse.
9:39 of 1st period - Stopped by Pekka Rinne without a rebound.
9:40 of 1st period - T.J. Galiardi wins face-off versus Scott Gomez in Predators zone.
9:57 of 1st period - Shot by Chad LaRose.
9:57 of 1st period - Stopped by Niklas Backstrom without a rebound.
9:58 of 1st period - Paul Gaustad wins face-off versus Tom Pyatt in Rangers zone.
10:01 of 1st period - Shot by Patric Hornqvist.
10:01 of 1st period - Deflect By Simon Gagne.
10:01 of 1st period - Shot Misses the Net.
10:24 of 1st period - Shot by Nikolai Zherdev.
10:24 of 1st period - Shot Blocked by Tomas Kaberle.
10:28 of 1st period - Shot by Scott Gomez.
10:28 of 1st period - Shot Misses the Net.
10:30 of 1st period - Shot by Andrei Kostitsyn.
10:30 of 1st period - Shot Misses the Net.
10:34 of 1st period - Shot by Nikolai Zherdev.
10:34 of 1st period - Stopped by Pekka Rinne without a rebound.
10:35 of 1st period - Mikhail Grabovski wins face-off versus Mikko Koivu in Predators zone.
10:51 of 1st period - Mikko Koivu is hit by Braydon Coburn and loses puck.
11:32 of 1st period - Marian Gaborik is hit by Dan Cleary and loses puck.
12:11 of 1st period - Shea Weber is hit by Guillaume Latendresse and loses puck.
12:18 of 1st period - Shot by Guillaume Latendresse.
12:18 of 1st period - Stopped by Pekka Rinne without a rebound.
12:19 of 1st period - Paul Gaustad wins face-off versus Scott Gomez in Predators zone.
12:26 of 1st period - Keith Ballard is hit by Patric Hornqvist.
12:38 of 1st period - Icing by Mark Recchi.
12:39 of 1st period - Scott Gomez wins face-off versus T.J. Galiardi in Rangers zone.
13:10 of 1st period - Shot by Tomas Kaberle.
13:10 of 1st period - Goal by Tomas Kaberle - Rangers : 0 - Predators : 2.
13:11 of 1st period - Tom Pyatt wins face-off versus Nicklas Backstrom in neutral zone.
13:19 of 1st period - Minor Penalty to Andrei Kostitsyn for Tripping.
13:20 of 1st period - Tom Pyatt wins face-off versus Mikhail Grabovski in Rangers zone.
13:26 of 1st period - Icing by Tomas Kaberle.
13:27 of 1st period - Patric Hornqvist wins face-off versus Tom Pyatt in Predators zone.
14:08 of 1st period - Shot by Braydon Coburn.
14:08 of 1st period - Shot Misses the Net.
14:12 of 1st period - Shot by Brent Burns.
14:12 of 1st period - Shot Blocked by Marc Staal.
14:14 of 1st period - Shot by Nicklas Backstrom.
14:14 of 1st period - Shot Misses the Net.
14:16 of 1st period - Shot by Brent Burns.
14:16 of 1st period - Shot Misses the Net.
14:18 of 1st period - Shot by Brent Burns.
14:18 of 1st period - Stopped by Niklas Backstrom without a rebound.
14:19 of 1st period - Nicklas Backstrom wins face-off versus Frans Nielsen in Rangers zone.
14:24 of 1st period - Shot by Jeff Carter.
14:24 of 1st period - Shot Misses the Net.
15:52 of 1st period - Patric Hornqvist is hit by Mark Recchi and loses puck.
16:50 of 1st period - Icing by Lubomir Visnovsky.
16:51 of 1st period - Mikhail Grabovski wins face-off versus Frans Nielsen in Rangers zone.
17:39 of 1st period - Jeff Carter is hit by Marc Staal and loses puck.
18:17 of 1st period - Shot by Nikolai Kulemin.
18:17 of 1st period - Stopped by Pekka Rinne without a rebound.
18:18 of 1st period - Paul Gaustad wins face-off versus Scott Gomez in Predators zone.
18:57 of 1st period - Shot by Patric Hornqvist.
18:57 of 1st period - Shot Blocked by Ian White.
19:31 of 1st period - Shot by Steven Stamkos.
19:31 of 1st period - Stopped by Niklas Backstrom without a rebound.
19:32 of 1st period - Mikko Koivu wins face-off versus Nicklas Backstrom in Rangers zone.
19:32 of 1st period - Mikko Koivu is hit by Steven Stamkos.
19:45 of 1st period - Shot by Nicklas Backstrom.
19:45 of 1st period - Shot Blocked by Jay Bouwmeester.
19:55 of 1st period - Marc Staal is hit by Nicklas Backstrom and loses puck.

Period #2

0:01 of 2nd period - Nicklas Backstrom wins face-off versus Mikko Koivu in neutral zone.
0:11 of 2nd period - Shot by Jay Bouwmeester.
0:11 of 2nd period - Stopped by Pekka Rinne without a rebound.
0:12 of 2nd period - Mikhail Grabovski wins face-off versus Frans Nielsen in Predators zone.
0:55 of 2nd period - Shot by Frans Nielsen.
0:55 of 2nd period - Shot Blocked by Marian Gaborik.
1:19 of 2nd period - Icing by Jeff Carter.
1:20 of 2nd period - Mikhail Grabovski wins face-off versus Scott Gomez in Predators zone.
1:20 of 2nd period - Mikhail Grabovski is hit by Guillaume Latendresse.
1:25 of 2nd period - Marian Gaborik is hit by Keith Ballard and loses puck.
1:37 of 2nd period - Minor Penalty to Keith Ballard for Hooking.
1:38 of 2nd period - Nicklas Backstrom wins face-off versus Tom Pyatt in Rangers zone.
2:01 of 2nd period - Shot by Nicklas Backstrom.
2:01 of 2nd period - Shot Misses the Net.
2:48 of 2nd period - Shot by Marian Gaborik.
2:48 of 2nd period - Deflect By Jeff Carter.
2:48 of 2nd period - Stopped by Niklas Backstrom without a rebound.
2:49 of 2nd period - Frans Nielsen wins face-off versus Mikhail Grabovski in Rangers zone.
3:02 of 2nd period - Shot by Mikhail Grabovski.
3:02 of 2nd period - Shot Misses the Net.
3:04 of 2nd period - Shot by Shea Weber.
3:04 of 2nd period - Shot Misses the Net.
3:09 of 2nd period - Shot by Simon Gagne.
3:09 of 2nd period - Shot Misses the Net.
3:11 of 2nd period - Shot by Wayne Simmonds.
3:11 of 2nd period - Stopped by Niklas Backstrom without a rebound.
3:12 of 2nd period - Marian Gaborik wins face-off versus Tom Pyatt in Rangers zone.
4:09 of 2nd period - Shot by Patric Hornqvist.
4:09 of 2nd period - Shot Misses the Net.
4:26 of 2nd period - Icing by Ian White.
4:27 of 2nd period - Scott Gomez wins face-off versus T.J. Galiardi in Rangers zone.
4:27 of 2nd period - Scott Gomez is hit by Brandon Prust.
5:05 of 2nd period - Icing by Cody Franson.
5:06 of 2nd period - Tom Pyatt wins face-off versus T.J. Galiardi in Predators zone.
5:35 of 2nd period - Shot by Mikhail Grabovski.
5:35 of 2nd period - Shot Misses the Net.
5:37 of 2nd period - Shot by Jeff Carter.
5:37 of 2nd period - Shot Misses the Net.
5:41 of 2nd period - Shot by Jeff Carter.
5:41 of 2nd period - Shot Misses the Net.
5:45 of 2nd period - Shot by Mikhail Grabovski.
5:45 of 2nd period - Goal by Mikhail Grabovski - Rangers : 0 - Predators : 3.
5:46 of 2nd period - Paul Gaustad wins face-off versus Frans Nielsen in neutral zone.
5:46 of 2nd period - Paul Gaustad is hit by Dan Cleary.
5:49 of 2nd period - Simon Gagne is hit by Mike Weaver and loses puck.
6:58 of 2nd period - Minor Penalty to Braydon Coburn for Tripping.
6:59 of 2nd period - Jeff Carter wins face-off versus Frans Nielsen in Predators zone.
8:04 of 2nd period - Shot by Lubomir Visnovsky.
8:04 of 2nd period - Shot Misses the Net.
8:06 of 2nd period - Shot by Ian White.
8:06 of 2nd period - Shot Blocked by Jeff Woywitka.
8:08 of 2nd period - Shot by Ian White.
8:08 of 2nd period - Stopped by Pekka Rinne without a rebound.
8:09 of 2nd period - Mike Cammalleri wins face-off versus Paul Gaustad in Predators zone.
8:20 of 2nd period - Shot by Lubomir Visnovsky.
8:20 of 2nd period - Shot Misses the Net.
8:24 of 2nd period - Shot by Mike Cammalleri.
8:24 of 2nd period - Shot Misses the Net.
8:26 of 2nd period - Shot by Lubomir Visnovsky.
8:26 of 2nd period - Shot Misses the Net.
8:28 of 2nd period - Shot by Lubomir Visnovsky.
8:28 of 2nd period - Shot Misses the Net.
8:30 of 2nd period - Shot by Mikko Koivu.
8:30 of 2nd period - Shot Blocked by Cody Franson.
8:32 of 2nd period - Shot by Lubomir Visnovsky.
8:32 of 2nd period - Stopped by Pekka Rinne without a rebound.
8:33 of 2nd period - Frans Nielsen wins face-off versus Paul Gaustad in Predators zone.
9:03 of 2nd period - Shot by Scott Gomez.
9:03 of 2nd period - Deflect By Mark Recchi.
9:03 of 2nd period - Shot Blocked by Tomas Kaberle.
9:05 of 2nd period - Shot by Mark Recchi.
9:05 of 2nd period - Deflect By Guillaume Latendresse.
9:05 of 2nd period - Shot Misses the Net.
9:07 of 2nd period - Shot by Keith Ballard.
9:07 of 2nd period - Shot Misses the Net.
9:11 of 2nd period - Shot by Mark Recchi.
9:11 of 2nd period - Shot Blocked by Tomas Kaberle.
9:13 of 2nd period - Shot by Guillaume Latendresse.
9:13 of 2nd period - Shot Blocked by Tomas Kaberle.
9:15 of 2nd period - Shot by Mike Weaver.
9:15 of 2nd period - Deflect By Guillaume Latendresse.
9:15 of 2nd period - Shot Misses the Net.
9:19 of 2nd period - Shot by Mark Recchi.
9:19 of 2nd period - Shot Misses the Net.
9:21 of 2nd period - Shot by Mark Recchi.
9:21 of 2nd period - Shot Blocked by Shea Weber.
9:31 of 2nd period - Shot by Scott Gomez.
9:31 of 2nd period - Stopped by Pekka Rinne without a rebound.
9:32 of 2nd period - Tom Pyatt wins face-off versus Mikhail Grabovski in Predators zone.
9:32 of 2nd period - Tom Pyatt is hit by Brent Burns.
10:04 of 2nd period - Marc Staal is hit by Brent Burns and loses puck.
10:18 of 2nd period - Icing by Mike Weaver.
10:19 of 2nd period - Vinny Prospal wins face-off versus Paul Gaustad in Rangers zone.
10:19 of 2nd period - Lubomir Visnovsky is hit by Paul Gaustad and loses puck.
10:27 of 2nd period - Patric Hornqvist is hit by Mike Weaver and loses puck.
10:34 of 2nd period - Shot by Simon Gagne.
10:34 of 2nd period - Stopped by Niklas Backstrom without a rebound.
10:35 of 2nd period - Nicklas Backstrom wins face-off versus Scott Gomez in Rangers zone.
11:00 of 2nd period - Shot by Steven Stamkos.
11:00 of 2nd period - Shot Blocked by Ian White.
11:19 of 2nd period - Minor Penalty to Mark Recchi for Holding.
11:20 of 2nd period - Nicklas Backstrom wins face-off versus Tom Pyatt in Rangers zone.
11:21 of 2nd period - Shot by Jeff Carter.
11:21 of 2nd period - Shot Misses the Net.
11:59 of 2nd period - Lubomir Visnovsky is hit by Jeff Carter and loses puck.
12:11 of 2nd period - Icing by Tomas Kaberle.
12:12 of 2nd period - Tom Pyatt wins face-off versus Mikhail Grabovski in Predators zone.
12:21 of 2nd period - Shot by Nikolai Kulemin.
12:21 of 2nd period - Deflect By Tom Pyatt.
12:21 of 2nd period - Shot Misses the Net.
12:29 of 2nd period - Shot by Tomas Kaberle.
12:29 of 2nd period - Shot Misses the Net.
12:33 of 2nd period - Shot by Steven Stamkos.
12:33 of 2nd period - Shot Misses the Net.
12:37 of 2nd period - Shot by Patric Hornqvist.
12:37 of 2nd period - Stopped by Niklas Backstrom with a rebound.
12:43 of 2nd period - Shot by Mikhail Grabovski.
12:43 of 2nd period - Stopped by Niklas Backstrom without a rebound.
12:44 of 2nd period - Paul Gaustad wins face-off versus Frans Nielsen in Rangers zone.
13:01 of 2nd period - Shot by Jeff Carter.
13:01 of 2nd period - Stopped by Niklas Backstrom without a rebound.
13:02 of 2nd period - Mikhail Grabovski wins face-off versus Frans Nielsen in Rangers zone.
13:07 of 2nd period - Shot by Steven Stamkos.
13:07 of 2nd period - Stopped by Niklas Backstrom without a rebound.
13:08 of 2nd period - Frans Nielsen wins face-off versus Mikhail Grabovski in Rangers zone.
13:08 of 2nd period - Frans Nielsen is hit by Patric Hornqvist.
13:28 of 2nd period - Shot by Patric Hornqvist.
13:28 of 2nd period - Shot Hit the Post.
13:40 of 2nd period - Shot by Patric Hornqvist.
13:40 of 2nd period - Stopped by Niklas Backstrom without a rebound.
13:41 of 2nd period - Mikko Koivu wins face-off versus Mikhail Grabovski in Rangers zone.
13:45 of 2nd period - Jay Bouwmeester is hit by Jeff Carter and loses puck.
14:44 of 2nd period - Icing by Mike Cammalleri.
14:45 of 2nd period - Mikko Koivu wins face-off versus Simon Gagne in Rangers zone.
14:45 of 2nd period - Mike Cammalleri is hit by Patric Hornqvist and loses puck.
15:06 of 2nd period - Shot by Vinny Prospal.
15:06 of 2nd period - Shot Misses the Net.
15:10 of 2nd period - Shot by Frans Nielsen.
15:10 of 2nd period - Shot Misses the Net.
15:33 of 2nd period - Icing by Patric Hornqvist.
15:34 of 2nd period - Scott Gomez wins face-off versus Paul Gaustad in Predators zone.
15:35 of 2nd period - Shot by Mark Recchi.
15:35 of 2nd period - Stopped by Pekka Rinne without a rebound.
15:36 of 2nd period - Scott Gomez wins face-off versus Mikhail Grabovski in Predators zone.
15:49 of 2nd period - Shot by Jeff Carter.
15:49 of 2nd period - Deflect By Marian Gaborik.
15:49 of 2nd period - Shot Misses the Net.
15:51 of 2nd period - Shot by Mikhail Grabovski.
15:51 of 2nd period - Shot Misses the Net.
16:13 of 2nd period - Shot by Mikhail Grabovski.
16:13 of 2nd period - Stopped by Niklas Backstrom without a rebound.
16:14 of 2nd period - Frans Nielsen wins face-off versus Nicklas Backstrom in Rangers zone.
16:38 of 2nd period - Minor Penalty to Dan Cleary for Hooking.
16:39 of 2nd period - Nicklas Backstrom wins face-off versus Tom Pyatt in Rangers zone.
16:42 of 2nd period - Shot by Jeff Carter.
16:42 of 2nd period - Shot Misses the Net.
16:56 of 2nd period - Shot by Nicklas Backstrom.
16:56 of 2nd period - Stopped by Niklas Backstrom without a rebound.
16:57 of 2nd period - Mikhail Grabovski wins face-off versus Tom Pyatt in Rangers zone.
16:58 of 2nd period - Shot by Tomas Kaberle.
16:58 of 2nd period - Stopped by Niklas Backstrom without a rebound.
16:59 of 2nd period - Mikhail Grabovski wins face-off versus Tom Pyatt in Rangers zone.
17:54 of 2nd period - Shot by Nikolai Kulemin.
17:54 of 2nd period - Stopped by Pekka Rinne without a rebound.
17:55 of 2nd period - Nicklas Backstrom wins face-off versus Tom Pyatt in Predators zone.
18:15 of 2nd period - Off-side.
18:16 of 2nd period - Tom Pyatt wins face-off versus Mikhail Grabovski in neutral zone.
18:16 of 2nd period - Tom Pyatt is hit by Mikhail Grabovski.
18:59 of 2nd period - Icing by Shea Weber.
19:00 of 2nd period - T.J. Galiardi wins face-off versus Mikko Koivu in Predators zone.
19:53 of 2nd period - Shot by Simon Gagne.
19:53 of 2nd period - Shot Misses the Net.
19:55 of 2nd period - Shot by Paul Gaustad.
19:55 of 2nd period - Stopped by Niklas Backstrom without a rebound.
19:56 of 2nd period - Jeff Carter wins face-off versus Scott Gomez in Rangers zone.

Period #3

0:01 of 3rd period - Wayne Simmonds wins face-off versus Mikko Koivu in neutral zone.
0:03 of 3rd period - Shea Weber is hit by Nikolai Kulemin and loses puck.
0:09 of 3rd period - Minor Penalty to Wayne Simmonds for Hooking.
0:10 of 3rd period - Mikko Koivu wins face-off versus Jeff Carter in Predators zone.
0:27 of 3rd period - Shot by Mike Cammalleri.
0:27 of 3rd period - Stopped by Pekka Rinne without a rebound.
0:28 of 3rd period - Frans Nielsen wins face-off versus Paul Gaustad in Predators zone.
1:03 of 3rd period - Shot by Frans Nielsen.
1:03 of 3rd period - Shot Misses the Net.
1:05 of 3rd period - Shot by Nikolai Kulemin.
1:05 of 3rd period - Stopped by Pekka Rinne without a rebound.
1:06 of 3rd period - Jeff Carter wins face-off versus Mikko Koivu in Predators zone.
2:27 of 3rd period - Tomas Kaberle is hit by Andrei Kostitsyn and loses puck.
2:35 of 3rd period - Off-side.
2:36 of 3rd period - Mikhail Grabovski wins face-off versus Scott Gomez in neutral zone.
3:04 of 3rd period - Icing by Brent Burns.
3:05 of 3rd period - Frans Nielsen wins face-off versus Mikhail Grabovski in Predators zone.
3:09 of 3rd period - Minor Penalty to Vinny Prospal for Hooking.
3:10 of 3rd period - Mikhail Grabovski wins face-off versus Tom Pyatt in Rangers zone.
3:15 of 3rd period - Shot by Mikhail Grabovski.
3:15 of 3rd period - Stopped by Niklas Backstrom without a rebound.
3:16 of 3rd period - Mikhail Grabovski wins face-off versus Tom Pyatt in Rangers zone.
3:47 of 3rd period - Shot by Steven Stamkos.
3:47 of 3rd period - Stopped by Niklas Backstrom with a rebound.
3:49 of 3rd period - Shot by Steven Stamkos.
3:49 of 3rd period - Shot Blocked by Jay Bouwmeester.
3:51 of 3rd period - Shot by Shea Weber.
3:51 of 3rd period - Shot Misses the Net.
3:55 of 3rd period - Shot by Shea Weber.
3:55 of 3rd period - Shot Misses the Net.
4:12 of 3rd period - Shot by Brent Burns.
4:12 of 3rd period - Stopped by Niklas Backstrom without a rebound.
4:13 of 3rd period - Nicklas Backstrom wins face-off versus Frans Nielsen in Rangers zone.
4:14 of 3rd period - Shot by Jeff Carter.
4:14 of 3rd period - Shot Blocked by Marc Staal.
4:16 of 3rd period - Shot by Brent Burns.
4:16 of 3rd period - Stopped by Niklas Backstrom without a rebound.
4:17 of 3rd period - Nicklas Backstrom wins face-off versus Frans Nielsen in Rangers zone.
4:18 of 3rd period - Shot by Jeff Carter.
4:18 of 3rd period - Shot Misses the Net.
4:20 of 3rd period - Shot by Marian Gaborik.
4:20 of 3rd period - Goal by Marian Gaborik - Rangers : 0 - Predators : 4.
4:21 of 3rd period - Scott Gomez wins face-off versus T.J. Galiardi in neutral zone.
4:52 of 3rd period - Shot by Shea Weber.
4:52 of 3rd period - Stopped by Niklas Backstrom with a rebound.
4:57 of 3rd period - Icing by Ian White.
4:58 of 3rd period - Scott Gomez wins face-off versus Mikhail Grabovski in Rangers zone.
5:15 of 3rd period - Shot by Marian Gaborik.
5:15 of 3rd period - Shot Blocked by Ian White.
6:09 of 3rd period - Jay Bouwmeester is hit by Steven Stamkos and loses puck.
6:22 of 3rd period - Shot by Mikko Koivu.
6:22 of 3rd period - Shot Misses the Net.
6:52 of 3rd period - Shot by Jeff Woywitka.
6:52 of 3rd period - Stopped by Niklas Backstrom without a rebound.
6:53 of 3rd period - Paul Gaustad wins face-off versus Frans Nielsen in Rangers zone.
7:39 of 3rd period - Icing by Lubomir Visnovsky.
7:40 of 3rd period - Frans Nielsen wins face-off versus Mikhail Grabovski in Rangers zone.
8:08 of 3rd period - Minor Penalty to Mikhail Grabovski for Interference.
8:09 of 3rd period - Jeff Carter wins face-off versus Mikko Koivu in Predators zone.
8:17 of 3rd period - Icing by Ian White.
8:18 of 3rd period - Jeff Carter wins face-off versus Mikko Koivu in Rangers zone.
8:21 of 3rd period - Shot by T.J. Galiardi.
8:21 of 3rd period - Shot Misses the Net.
9:26 of 3rd period - Shot by Frans Nielsen.
9:26 of 3rd period - Deflect By Dan Cleary.
9:26 of 3rd period - Shot Misses the Net.
9:28 of 3rd period - Shot by Jay Bouwmeester.
9:28 of 3rd period - Stopped by Pekka Rinne without a rebound.
9:29 of 3rd period - Frans Nielsen wins face-off versus Jeff Carter in Predators zone.
9:56 of 3rd period - Shot by Vinny Prospal.
9:56 of 3rd period - Shot Misses the Net.
10:25 of 3rd period - Icing by Cody Franson.
10:26 of 3rd period - Scott Gomez wins face-off versus Nicklas Backstrom in Predators zone.
10:35 of 3rd period - Shot by Mark Recchi.
10:35 of 3rd period - Shot Hit the Post.
10:39 of 3rd period - Shot by Lubomir Visnovsky.
10:39 of 3rd period - Shot Blocked by Nicklas Backstrom.
10:41 of 3rd period - Shot by Lubomir Visnovsky.
10:41 of 3rd period - Stopped by Pekka Rinne with a rebound.
11:03 of 3rd period - Icing by Nicklas Backstrom.
11:04 of 3rd period - Nicklas Backstrom wins face-off versus Tom Pyatt in Predators zone.
12:15 of 3rd period - Minor Penalty to Mike Weaver for Hooking.
12:16 of 3rd period - Nicklas Backstrom wins face-off versus Tom Pyatt in Rangers zone.
12:40 of 3rd period - Minor Penalty to Frans Nielsen for Roughing.
12:41 of 3rd period - Mikhail Grabovski wins face-off versus Dan Cleary in Rangers zone.
12:42 of 3rd period - Shot by Steven Stamkos.
12:42 of 3rd period - Shot Misses the Net.
12:44 of 3rd period - Shot by Tomas Kaberle.
12:44 of 3rd period - Stopped by Niklas Backstrom without a rebound.
12:45 of 3rd period - Dan Cleary wins face-off versus Patric Hornqvist in Rangers zone.
12:59 of 3rd period - Icing by Steven Stamkos.
13:00 of 3rd period - Mikhail Grabovski wins face-off versus Dan Cleary in Predators zone.
13:04 of 3rd period - Off-side.
13:05 of 3rd period - Tom Pyatt wins face-off versus Jeff Carter in neutral zone.
13:30 of 3rd period - Shot by Jeff Carter.
13:30 of 3rd period - Shot Blocked by Marc Staal.
13:32 of 3rd period - Shot by Braydon Coburn.
13:32 of 3rd period - Shot Misses the Net.
13:34 of 3rd period - Shot by Marian Gaborik.
13:34 of 3rd period - Shot Misses the Net.
13:38 of 3rd period - Shot by Jeff Carter.
13:38 of 3rd period - Shot Misses the Net.
13:40 of 3rd period - Shot by Jeff Carter.
13:40 of 3rd period - Goal by Jeff Carter - Rangers : 0 - Predators : 5.
13:41 of 3rd period - Mikhail Grabovski wins face-off versus Tom Pyatt in neutral zone.
14:01 of 3rd period - Icing by Steven Stamkos.
14:02 of 3rd period - Steven Stamkos wins face-off versus Tom Pyatt in Predators zone.
14:09 of 3rd period - Shot by Tomas Kaberle.
14:09 of 3rd period - Stopped by Niklas Backstrom without a rebound.
14:10 of 3rd period - Mike Cammalleri wins face-off versus Nicklas Backstrom in Rangers zone.
14:20 of 3rd period - Shot by Brent Burns.
14:20 of 3rd period - Shot Misses the Net.
14:22 of 3rd period - Shot by Jeff Carter.
14:22 of 3rd period - Stopped by Niklas Backstrom without a rebound.
14:23 of 3rd period - Mikhail Grabovski wins face-off versus Tom Pyatt in Rangers zone.
14:35 of 3rd period - Shot by Steven Stamkos.
14:35 of 3rd period - Stopped by Niklas Backstrom with a rebound.
14:37 of 3rd period - Shot by Tomas Kaberle.
14:37 of 3rd period - Stopped by Niklas Backstrom without a rebound.
14:38 of 3rd period - Nicklas Backstrom wins face-off versus Dan Cleary in Rangers zone.
14:43 of 3rd period - Shot by Simon Gagne.
14:43 of 3rd period - Stopped by Niklas Backstrom without a rebound.
14:44 of 3rd period - Scott Gomez wins face-off versus Jeff Carter in Rangers zone.
14:48 of 3rd period - Off-side.
14:49 of 3rd period - Scott Gomez wins face-off versus Nicklas Backstrom in neutral zone.
15:16 of 3rd period - Shot by Mark Recchi.
15:16 of 3rd period - Stopped by Pekka Rinne with a rebound.
15:37 of 3rd period - Off-side.
15:38 of 3rd period - Frans Nielsen wins face-off versus Mikhail Grabovski in neutral zone.
16:55 of 3rd period - Mikko Koivu is hit by Jeff Woywitka and loses puck.
17:12 of 3rd period - Shot by Patric Hornqvist.
17:12 of 3rd period - Stopped by Niklas Backstrom without a rebound.
17:13 of 3rd period - Scott Gomez wins face-off versus Nicklas Backstrom in Rangers zone.
17:22 of 3rd period - Shot by Guillaume Latendresse.
17:22 of 3rd period - Stopped by Pekka Rinne with a rebound.
17:24 of 3rd period - Shot by Mark Recchi.
17:24 of 3rd period - Shot Misses the Net.
17:29 of 3rd period - Icing by Nicklas Backstrom.
17:30 of 3rd period - Nicklas Backstrom wins face-off versus Tom Pyatt in Predators zone.
17:44 of 3rd period - Shot by Andrei Kostitsyn.
17:44 of 3rd period - Stopped by Pekka Rinne with a rebound.
17:58 of 3rd period - Shot by Nikolai Zherdev.
17:58 of 3rd period - Stopped by Pekka Rinne with a rebound.
18:00 of 3rd period - Shot by Andrei Kostitsyn.
18:00 of 3rd period - Stopped by Pekka Rinne without a rebound.
18:01 of 3rd period - Scott Gomez wins face-off versus Mikhail Grabovski in Predators zone.
18:05 of 3rd period - Minor Penalty to Brent Burns for Hooking.
18:06 of 3rd period - Jeff Carter wins face-off versus Mike Cammalleri in Predators zone.
19:07 of 3rd period - Shot by Frans Nielsen.
19:07 of 3rd period - Shot Misses the Net.
19:09 of 3rd period - Shot by Jay Bouwmeester.
19:09 of 3rd period - Stopped by Pekka Rinne without a rebound.
19:10 of 3rd period - Frans Nielsen wins face-off versus Jeff Carter in Predators zone.
19:11 of 3rd period - Shot by Nikolai Kulemin.
19:11 of 3rd period - Stopped by Pekka Rinne without a rebound.
19:12 of 3rd period - Nikolai Kulemin wins face-off versus Jeff Carter in Predators zone.
19:13 of 3rd period - Shot by Frans Nielsen.
19:13 of 3rd period - Stopped by Pekka Rinne without a rebound.
19:14 of 3rd period - Jeff Carter wins face-off versus Frans Nielsen in Predators zone.


Output by the SimonT Hockey Simulator (STHS) for Stephane Roy -- Original Page W3C XHTML 1.0 Valid